 Dungeon Crawl Stone Soup version 0.20.1-1-g8b1a95d (webtiles) character file.

1393 Gukra the Conjurer (level 8, 0/41 HPs)
             Began as a Gargoyle Wizard on Aug 6, 2017.
             Was a Believer of Sif Muna.
             Killed from afar by schets's ghost (3 damage)
             ... with a magic dart
             ... on level 7 of the Dungeon on Aug 7, 2017.
             The game lasted 00:21:43 (5629 turns).

Gukra the Conjurer (Gargoyle Wizard)                Turns: 5629, Time: 00:21:44

Health: 0/41       AC: 12    Str: 10    XL:     8   Next: 68%
Magic:  13/26      EV: 12    Int: 30    God:    Sif Muna [**....]
Gold:   324        SH:  0    Dex: 10    Spells: 12/20 levels left

rFire    . . .     SeeInvis .   j - +2 dagger (venom)
rCold    . . .     Gourm    .   (no shield)
rNeg     + . .     Faith    .   a - +0 robe
rPois    ∞         Spirit   .   b - +0 hat
rElec    +         Reflect  .   E - +2 cloak
rCorr    .         Harm     .   l - +1 pair of gloves
MR       .....                  (no boots)
Stlth    ..........             i - amulet of rage
Regen    0.2/turn               v - ring of loudness (curse)
MPRegen  0.2/turn               y - ring "Lyhehy" {rPois MP+9 Int+8 Dex+2 Stlth-}

@: slightly contaminated, invisible, divine energy
A: negative energy resistance 1, electricity resistance, unbreathing,
petrification resistance, rot immunity, AC +5
a: Stop Divine Energy, Renounce Religion, Evoke Berserk Rage


You were on level 7 of the Dungeon.
You worshipped Sif Muna.
Sif Muna was pleased with you.
You were hungry.

You visited 1 branch of the dungeon, and saw 7 of its levels.

You collected 324 gold pieces.

Inventory:

Hand Weapons
 e - a +0 dagger
 j - a +2 dagger of venom (weapon)
Missiles
 n - 11 javelins (quivered)
Armour
 a - a +0 robe (worn)
 b - a +0 hat (worn)
 l - a +1 pair of gloves (worn)
 E - a +2 cloak (worn)
Magical Staves
 H - an uncursed staff of cold
Jewellery
 f - an uncursed ring of protection from magic
 i - an amulet of rage (around neck)
 v - a cursed ring of loudness (left hand)
 y - the ring "Lyhehy" (right hand) {rPois MP+9 Int+8 Dex+2 Stlth-}
   (You found it on level 4 of the Dungeon)

   [ring of dexterity]

   It affects your intelligence (+8).
   It affects your dexterity (+2).
   It protects you from poison.
   It affects your magic capacity (+9).
   It makes you less stealthy.
Wands
 s - a wand of flame (26/48)
 z - a wand of enslavement (9/24)
 B - a wand of flame (28/48)
 F - a wand of polymorph (8/24)
 J - a wand of polymorph (14/24)
Scrolls
 p - 3 scrolls of teleportation
 u - a scroll of recharging
 w - 2 scrolls of enchant armour
 x - a scroll of fog
 G - 4 scrolls of identify
 K - a scroll of torment {unknown}
Potions
 g - a potion of berserk rage
 h - a potion of lignification {unknown}
 k - a potion of mutation {unknown}
 q - 3 potions of curing {unknown}
 r - 2 potions of heal wounds {unknown}
 A - 3 potions of flight {unknown}
 D - a potion of degeneration {unknown}
Books
 c - a book of Minor Magic

   Spells                             Type                      Level
   a - Magic Dart                     Conjuration                  1
   b - Blink                          Translocation                2
   c - Call Imp                       Summoning                    2
   d - Slow                           Hexes                        2
   e - Conjure Flame                  Conjuration/Fire             3
   f - Mephitic Cloud                 Conjuration/Poison/Air       3
 t - a book of Power

   Spells                             Type                      Level
   a - Iskenderun's Battlesphere      Conjuration/Charms           5
   b - Venom Bolt                     Conjuration/Poison           5
   c - Bolt of Magma                  Conjuration/Fire/Earth       5
   d - Iron Shot                      Conjuration/Earth            6
   e - Orb of Destruction             Conjuration                  7
   f - Spellforged Servitor           Conjuration/Summoning        7
 C - a book of Maledictions

   Spells                             Type                      Level
   a - Corona                         Hexes                        1
   b - Ensorcelled Hibernation        Hexes/Ice                    2
   c - Confuse                        Hexes                        3
   d - Tukima's Dance                 Hexes                        3
   e - Dazzling Spray                 Conjuration/Hexes            3
Comestibles
 d - 2 bread rations
 m - 4 meat rations
 o - 2 royal jellies


   Skills:
 - Level 0.1 Short Blades
 - Level 1.5 Dodging
 - Level 2.1 Stealth
 + Level 6.5 Spellcasting
 * Level 7.9 Conjurations
 + Level 1.1 Summonings
 + Level 0.8 Translocations
 - Level 3.4 Poison Magic


You had 12 spell levels left.
You knew the following spells:

 Your Spells              Type           Power        Failure   Level  Hunger
a - Magic Dart            Conj           ####         1%          1    None
c - Blink                 Tloc           N/A          5%          2    None
d - Mephitic Cloud        Conj/Pois/Air  ####....     3%          3    None
z - Call Imp              Summ           ###.....     4%          2    None


Dungeon Overview and Level Annotations

Branches:
Dungeon (7/15)
 Temple: D:4-7

Altars:
Cheibriados
Makhleb
Ru
Sif Muna
Trog
The Shining One

Annotations:
D:5 iamoutofideas's ghost, amateur MiFi
D:7 schets's ghost, novice DECj


Innate Abilities, Weirdness & Mutations

You are resistant to torment.
Your stone body is resilient. (AC +5)
You are immune to poison.
You resist negative energy. (rN+)
You are resistant to electric shocks. (rElec)
You can survive without breathing.
You are immune to petrification.
You are immune to rotting.


Message History

Aiming: Magic Dart
Press: ? - help, Shift-Dir - straight line, f/p - schets's ghost
Aim: schets's ghost, wielding a weapon of chaos (almost destroyed)
The magic dart hits schets's ghost.
Schets's ghost is almost destroyed.
Schets's ghost points at you and mumbles some strange words.
The orb of energy hits you!
Ouch! That really hurt!
* * * LOW HITPOINT WARNING * * *
The orb of energy explodes!
Casting: Magic Dart
Confirm with . or Enter, or press ? or * to list all spells.
Aiming: Magic Dart
Press: ? - help, Shift-Dir - straight line, f/p - schets's ghost
Aim: schets's ghost, wielding a weapon of chaos (almost destroyed)
The magic dart hits schets's ghost.
Schets's ghost is almost destroyed.
Schets's ghost casts a spell at you. The magic dart hits you!
You die...

....
.############....
.................
.................
................
.......<........
####.....####+###.
#.....'........
#..@W.#........
#.....#'######.
###'#........#
...#..........
#...#.........8
#...#..........
##..#.........8
#########.....
....8


You could see schets's ghost.

Vanquished Creatures
  Eustachio (D:4)
  A sky beast (D:6)
  2 ogres
  A necrophage (D:6)
  2 centaurs
  A bullfrog (D:6)
  3 wights (D:6)
  A crimson imp (D:6)
  A bullfrog zombie (D:5)
  An orc wizard (D:3)
  2 hounds
  A jelly (D:6)
  2 bullfrog skeletons
  An iguana (D:6)
  A worker ant (D:5)
  A killer bee zombie (D:6)
  8 gnolls (D:6)
  11 adders
  2 shadow imps
  A worm (D:5)
  2 dart slugs
  5 leopard geckos
  6 orcs (D:3)
  8 bats
  3 giant cockroaches
  7 goblins
  7 hobgoblins
  3 jackals (D:6)
  6 kobolds
  2 quokkas
  4 ball pythons (D:1)
  5 frilled lizards
  A giant cockroach zombie (D:6)
  2 leopard gecko skeletons (D:4)
  12 rats
117 creatures vanquished.

Vanquished Creatures (collateral kills)
  A quokka (D:2)
1 creature vanquished.

Grand Total: 118 creatures vanquished

Notes
Turn   | Place    | Note
-------+----------+-------------------------------------------
     0 | D:1      | Gukra the Gargoyle Wizard began the quest for the Orb.
     0 | D:1      | Reached XP level 1. HP: 10/10 MP: 4/4
   285 | D:1      | Reached XP level 2. HP: 8/15 MP: 0/6
  1153 | D:1      | Reached XP level 3. HP: 5/19 MP: 1/8
  1760 | D:2      | Reached skill level 2 in Conjurations
  1843 | D:2      | Learned a level 2 spell: Call Imp
  1846 | D:2      | Learned a level 2 spell: Blink
  1990 | D:2      | Reached XP level 4. HP: 21/24 MP: 5/10
  2520 | D:3      | Reached skill level 3 in Conjurations
  2756 | D:3      | Reached XP level 5. HP: 28/28 MP: 6/11
  2830 | D:3      | Learned a level 3 spell: Mephitic Cloud
  3183 | D:3      | Found a snail-covered altar of Cheibriados.
  3254 | D:3      | Reached skill level 4 in Conjurations
  3302 | D:3      | Found a burning altar of Makhleb.
  3306 | D:3      | Found a bloodstained altar of Trog.
  3308 | D:3      | Found a deep blue altar of Sif Muna.
  3309 | D:3      | Found a glowing golden altar of the Shining One.
  3314 | D:3      | Became a worshipper of Sif Muna the Loreminder
  3694 | D:4      | Noticed an ogre
  3708 | D:4      | Killed an ogre
  3708 | D:4      | Reached skill level 5 in Spellcasting
  3708 | D:4      | Reached skill level 1 in Poison Magic
  3708 | D:4      | Reached XP level 6. HP: 32/32 MP: 4/13
  3857 | D:4      | Got a heavily runed gossamer ring
  3858 | D:4      | Identified the ring "Lyhehy" {rPois MP+9 Int+8 Dex+2 Stlth-} (You found it on level 4 of the Dungeon)
  3990 | D:4      | Noticed Eustachio
  4003 | D:4      | Killed Eustachio
  4003 | D:4      | Reached skill level 5 in Conjurations
  4003 | D:4      | Reached XP level 7. HP: 36/36 MP: 13/14
  4039 | D:4      | Reached * piety under Sif Muna
  4122 | D:5      | Entered Level 5 of the Dungeon
  4277 | D:5      | Noticed iamoutofideas's ghost (amateur MiFi)
  4312 | D:5      | Reached skill level 6 in Conjurations
  4680 | D:6      | Reached XP level 8. HP: 41/41 MP: 14/17
  4972 | D:6      | Reached ** piety under Sif Muna
  4972 | D:6      | Reached skill level 7 in Conjurations
  5264 | D:6      | Reached skill level 1 in Summonings
  5554 | D:6      | Found a sacrificial altar of Ru.
  5599 | D:6      | Identified a scroll of acquirement
  5613 | D:7      | Noticed schets's ghost (novice DECj)
  5629 | D:7      | Killed from afar by schets's ghost

Skill      XL: |  1  2  3  4  5  6  7  8 |
---------------+-------------------------+-----
Spellcasting   | 4 5 6 |  6.5
Conjurations   | 2 3 4 5 6 7 |  7.9
Poison Magic   | 1 2 3 |  3.4
Summonings     | 1 |  1.1
Short Blades   | |  0.1
Dodging        | |  1.5
Stealth        | |  2.1
Translocations | |  0.8

Action                   |  1- 3 |  4- 6 |  7- 9 || total
-------------------------+-------+-------+-------++-------
Melee: Unarmed           |     2 |       |       ||     2
       Dagger            |    30 |    26 |    40 ||    96
Throw: Javelin           |       |     3 |       ||     3
 Cast: Magic Dart        |    90 |   109 |   176 ||   375
       Call Imp          |     1 |       |     5 ||     6
       Mephitic Cloud    |       |     3 |     7 ||    10
Invok: Divine Energy     |       |       |     1 ||     1
  Use: Scroll            |     2 |     6 |     3 ||    11
 Stab: Confused          |       |       |     4 ||     4
  Eat: Chunk             |     3 |     6 |     5 ||    14
Armor: Robe              |    43 |    15 |    44 ||   102
Dodge: Dodged            |    85 |    23 |    75 ||   183
